 Dungeon Crawl Stone Soup version 0.28-a0-804-g60983d4ba9 (webtiles) character file.

Game seed: 9537642888888671686

9 gimp the Covered (level 2, -1/23 HPs)
             Began as a Formicid Wanderer on Nov 7, 2021.
             Slain by a gnoll (4 damage)
             ... on level 1 of the Dungeon.
             The game lasted 00:00:56 (608 turns).

gimp the Covered (Formicid Wanderer)                 Turns: 608, Time: 00:00:57

Health: -1/23      AC:  3    Str: 15    XL:     2   Next: 25%
Magic:  2/2        EV: 11    Int: 11    God:
Gold:   0          SH:  0    Dex: 11    Spells: 0/1 levels left

rFire   . . .      SeeInvis +   a - +0 mace
rCold   . . .      Faith    .   (no shield)
rNeg    . . .      Spirit   .   d - +0 leather armour
rPois   .          Reflect  .   (helmet unavailable)
rElec   .          Harm     .   (no cloak)
rCorr   .          Rampage  .   (no gloves)
Will    .....                   (no boots)
Stlth   +.........              (no amulet)
HPRegen 0.07/turn               (no ring)
MPRegen 0.08/turn               (no ring)

@: no status effects
A: permanent stasis, dig shafts and tunnels, antennae 3, four strong arms
a: Dig, Shaft Self


You were on level 1 of the Dungeon.
You visited 1 branch of the dungeon, and saw 1 of its levels.

Inventory:

Hand Weapons
 a - a +0 mace (weapon)
Armour
 d - a +0 leather armour (worn)
Potions
 b - a potion of lignification
 c - a potion of heal wounds {unknown}


   Skills:
 * Level 2.4 Fighting
 - Level 1.0 Maces & Flails
 - Level 3.2 Armour
 - Level 1.2 Stealth
 - Level 1.2 Shields
 - Level 3.0 Summonings


You couldn't memorise any spells.
You knew the following spells:

 Your Spells              Type           Power      Damage    Failure   Level
a - Summon Small Mammal   Summ           24%        N/A       13%         1

Your spell library contained the following spells:

 Spells                   Type           Power      Damage    Failure   Level
 Call Imp                 Summ           6%         N/A       19%         2
 Call Canine Familiar     Summ           6%         N/A       36%         3
 Summon Guardian Golem    Hex/Summ       3%         N/A       56%         3
 Summon Lightning Spire   Summ/Air       3%         N/A       93%         4


Dungeon Overview and Level Annotations

Branches:
Dungeon (1/15)

Altars:


Innate Abilities, Weirdness & Mutations

You cannot be hasted, slowed, berserked, paralysed or teleported.
You can dig through walls and to a lower floor.
You have a pair of large antennae on your head. (SInv)
Your four strong arms can wield two-handed weapons with a shield.


Message History

The bat hits you but does no damage. The bat barely misses you.
The bat hits you but does no damage. The bat hits you but does no damage.
Health restored: 23 The bat hits you but does no damage.
You hit the bat but do no damage. The bat closely misses you.
The bat barely misses you. The bat hits you but does no damage.
You sock the bat!
You kill the bat!
You closely miss the gnoll. The gnoll barely misses you.
You hit the gnoll.
The gnoll is moderately wounded.
The gnoll hits you with a +0 club. The gnoll closely misses you.
You take 2 damage, and have 21/23 hp.
You closely miss the gnoll.
The gnoll is moderately wounded.
The gnoll closely misses you.
You closely miss the gnoll.
The gnoll is moderately wounded.
The gnoll hits you with a +0 club.
You take 6 damage, and have 15/23 hp.
MASSIVE DAMAGE!!
You barely miss the gnoll.
The gnoll is moderately wounded.
The gnoll barely misses you. The gnoll hits you but does no damage.
You hit the gnoll but do no damage.
The gnoll is moderately wounded.
The gnoll misses you.
You barely miss the gnoll.
The gnoll is moderately wounded.
The gnoll hits you with a +0 club. x2
You take 8 damage, and have 7/23 hp.
MASSIVE DAMAGE!!
You hit the gnoll but do no damage.
The gnoll is moderately wounded.
The gnoll hits you with a +0 club.
* * * LOW HITPOINT WARNING * * *
You take 5 damage, and have 2/23 hp.
MASSIVE DAMAGE!!
There is an open door here.
There is an open door here.
The gnoll hits you with a +0 club.
You die...

### #.....# ..# #.....# #.#
#.....##### ## #.##.........#
####### .# ##.....#####.#
......# .###..........>.#
......# .#..####.####..#
......# #.#.# #.# #..# ###...#
#.#@## #.# #..# ..#...#
######.g..###.# #..# ..#...#
#...##.S...##.# #..#
#'###'###'#.#.......#.# #..##
#<#...#.S.#.l.........# #...#
###...#...##..........# #.#>#
#.....#..l#...........# #.#.#
#.....#...##.....[..#.####.#.#
'.....#...#......).........#.#


You could see a gnoll, a ball python and a frilled lizard.

Vanquished Creatures
  A dart slug (D:1)
  2 bats (D:1)
  A goblin (D:1)
  A hobgoblin (D:1)
  A ball python (D:1)
  A frilled lizard (D:1)
  A rat (D:1)
8 creatures vanquished.

Notes
Turn   | Place    | Note
-------+----------+-------------------------------------------
     0 | D:1      | gimp the Formicid Wanderer began the quest for the Orb.
     0 | D:1      | gimp set off with the following items: a +0 mace, a potion
                  | of lignification, a +0 robe; and the following spell
                  | memorised: Summon Small Mammal; and the following spells
                  | available to memorise: Call Imp, Call Canine Familiar,
                  | Summon Guardian Golem, Summon Lightning Spire
     0 | D:1      | Reached XP level 1. HP: 15/15 MP: 1/1
   227 | D:1      | Reached XP level 2. HP: 15/22 MP: 2/2
   608 | D:1      | Slain by a gnoll

Illustrated notes

Levels and vault maps discovered:
D:1:      minmay_arrival_widening_spiral_wide, layout_loops_ring,
          grunt_decor_one_mirror

Skill      XL: |  1 |
---------------+----+-----
Fighting       | 2 |  2.4
Maces & Flails | |  1.0
Armour         | |  3.2
Stealth        | |  1.2
Shields        | |  1.2
Summonings     | |  3.0

Action                   || total
-------------------------++-------
Melee: Mace              ||    52
Armor: Leather armour    ||    34
Dodge: Dodged            ||    58

Table legend: (Time is in decaauts)
 A = Elapsed time spent in this place.
 B = Non-inter-level travel time spent in this place.
 C = Inter-level travel time spent in this place.
 D = Time resting spent in this place.
 E = Time spent auto-exploring this place.
 F = Levels seen in this place.
 G = Mean time per level.
                   A        B        C        D        E       F      G
               +--------+--------+--------+--------+--------+-----+--------+
         Total |    626 |    626 |      0 |      0 |    466 |   1 |  626.0 |
       Dungeon |    626 |    626 |      0 |      0 |    466 |   1 |  626.0 |
               +--------+--------+--------+--------+--------+-----+--------+

Top non-repeatable levels by time:
     D:1: 626 daAuts
